AoeStats
← Kaimo70

Arena

510098287Analyzed
1v1 RM · 2d ago on Sep 29, 2026· 62m 57s· 2 players
Game mode
Random Map
Map size
Tiny (2 player)
Population
200
Speed
Normal
Resources
Standard
Victory
Conquest
Starting age
Dark Age
Ending age
Imperial Age
RankedLock teamsTeams togetherTeam positionsShared explorationLock speedFull tech treeHidden civsTurbo modeCheats
Victory
Defeat
🇫🇷 Britons · France
432
+15
🇪🇸 Cumans · Spain
407
-15
Kaimo70
11:26 Feudal Age
11:54 Town Watch
12:55 Double-Bit Axe
14:10 Loom
22:53 Castle Age
22:42 Bloodlines
22:35 Horse Collar
25:09 Bow Saw
24:48 Pikeman
30:11 Scale Barding Armor
39:25 Steppe Husbandry
46:02 Imperial Age
45:09 Heavy Plow
45:35 Chain Barding Armor
45:27 Forging
45:11 Gold Mining
45:12 Stone Mining
45:16 Fletching
45:27 Padded Archer Armor
47:40 Elite Kipchak
51:25 Gold Shaft Mining
58:48 Cuman Mercenaries
59:34 Hoardings
61:05 Iron Casting
60:26 Bodkin Arrow
60:47 Leather Archer Armor
60:47 Thumb Ring
61:49 Cavalier
63:05 Parthian Tactics
chgars1
4:56 Loom
11:11 Feudal Age
11:47 Double-Bit Axe
17:41 Horse Collar
21:43 Castle Age
23:11 Crossbowman
23:27 Light Cavalry
26:19 Pikeman
27:27 Padded Archer Armor
28:35 Squires
29:26 Bow Saw
30:10 Fletching
32:42 Heavy Plow
39:11 Husbandry
46:58 Scale Mail Armor
47:13 Leather Archer Armor
46:54 Bodkin Arrow
48:28 Wheelbarrow
48:40 Yeomen
52:39 Imperial Age
51:03 Elite Skirmisher
57:03 Hand Cart
56:19 Halberdier
59:02 Cavalier
Connection lost

Rejoining the realm…

Still unreachable

The connection could not be restored.

Session expired

The server has moved on; the page needs a fresh start.